 Dungeon Crawl Stone Soup version 0.28.0 (webtiles) character file.

Game seed: 2290287023870097995

14 sanka the Conjurer (level 2, 0/15 HPs)
             Began as a Tengu Earth Elementalist on Feb 9, 2022.
             Slain by an adder (2 damage)
             ... on level 2 of the Dungeon.
             The game lasted 00:02:01 (1066 turns).

sanka the Conjurer (Tengu Earth Elementalist)       Turns: 1066, Time: 00:02:02

Health: 0/15       AC:  2    Str:  8    XL:     2   Next: 41%
Magic:  4/6        EV: 12    Int: 15    God:
Gold:   49         SH:  0    Dex: 14    Spells: 2/5 levels left

rFire   . . .      SeeInvis .   f - +0 rapier
rCold   . . .      Faith    .   (no shield)
rNeg    . . .      Spirit   .   b - +0 robe
rPois   .          Reflect  .   (helmet restricted)
rElec   .          Harm     .   (no cloak)
rCorr   .          Rampage  .   (no gloves)
Will    .....                   (boots unavailable)
Stlth   ++........              (no amulet)
HPRegen 0.05/turn               (no ring)
MPRegen 0.10/turn               (no ring)

@: lethally poisoned (0 -> -3)
A: beak, talons 3
a: no special abilities


You were on level 2 of the Dungeon.
You visited 1 branch of the dungeon, and saw 2 of its levels.

You collected 49 gold pieces.

Inventory:

Hand Weapons
 f - a +0 rapier (weapon)
Missiles
 c - 26 stones
Armour
 b - a +0 robe (worn)
Scrolls
 d - a scroll of enchant weapon {unknown}
 e - a scroll of identify {unknown}
Potions
 a - a potion of ambrosia {unknown}
 g - a potion of curing {unknown}


   Skills:
 - Level 2.1 Dodging
 - Level 2.0 Stealth
 - Level 2.0 Spellcasting
 + Level 2.7 Conjurations
 - Level 0.7 Transmutations
 - Level 2.1 Earth Magic


You had 2 spell levels left.
You knew the following spells:

 Your Spells              Type           Power      Damage    Failure   Level
a - Sandblast             Erth           16%        2d6       9%          1
b - Passwall              Tmut/Erth      4%         N/A       19%         2

Your spell library contained the following spells:

 Spells                   Type           Power      Damage    Failure   Level
 Stone Arrow              Conj/Erth      16%        3d8       24%         3
 Petrify                  Tmut/Erth      5%         N/A       77%         4


Dungeon Overview and Level Annotations

Branches:
Dungeon (2/15)

Altars:


Innate Abilities, Weirdness & Mutations

You have a beak for a mouth.
You have claws for feet.


Message History

No target in view!
A giant cockroach comes into view.
A giant cockroach is nearby!
An adder comes into view.
A frilled lizard comes into view.
You hit the adder. Your punch misses the adder.
The adder is lightly wounded.
The adder misses you. The adder bites you.
You are poisoned.
The adder poisons you!
Unknown command.
You feel sick.
You feel sick. The adder bites you.
You are lethally poisoned!
The adder poisons you!
You feel sick.
You feel sick.
You feel sick.
You are too injured to fight recklessly!
Casting: Sandblast (safe; 9% risk of failure)
Confirm with . or Enter, or press ? or * to list all spells.
Aiming: Sandblast (safe; 9% risk of failure)
Press: ? - help, Shift-Dir - straight line, f - adder
Aim: an adder (lightly wounded, 63% to hit)
The blast of sand hits the adder.
The adder is heavily wounded.
* * * LOW HITPOINT WARNING * * *
You feel sick. The adder misses you. The adder bites you but does no damage.
Casting: Sandblast (safe; 9% risk of failure)
Confirm with . or Enter, or press ? or * to list all spells.
Aiming: Sandblast (safe; 9% risk of failure)
Press: ? - help, Shift-Dir - straight line, f/p - adder
Aim: an adder (heavily wounded, 63% to hit)
The blast of sand hits the adder.
The adder is almost dead.
* * * LOW HITPOINT WARNING * * *
You feel sick.
The giant cockroach waves its antennae.
The adder bites you.
You die...

l.# #.# #.# ##.###
....# #.#.#
####.#.#########
#......BS@.....#
..........#######.#
...#......# ##.## #
#.#....# ##.#.##
........# #.###.#
######.### ##.#.##
#.# #..## #+# #.##
#.#


You could see an adder and a giant cockroach.

Vanquished Creatures
  3 endoplasms
  A goblin (D:2)
  2 hobgoblins
  4 kobolds (D:2)
  A rat (D:1)
11 creatures vanquished.

Notes
Turn   | Place    | Note
-------+----------+-------------------------------------------
     0 | D:1      | sanka the Tengu Earth Elementalist began the quest for the
                  | Orb.
     0 | D:1      | Reached XP level 1. HP: 10/10 MP: 4/4
   116 | D:1      | Reached skill level 1 in Conjurations
   626 | D:2      | Reached XP level 2. HP: 10/15 MP: 6/6
   718 | D:2      | Learned a level 2 spell: Passwall
  1066 | D:2      | Slain by an adder

Illustrated notes

Levels and vault maps discovered:
D:1:      ncdulo_wetmaze, layout_basic
D:2:      layout_loops_corners, nicolae_ecumenical_pavilion

Skill      XL: |  1 |
---------------+----+-----
Conjurations   | 2 |  2.7
Dodging        | |  2.1
Stealth        | |  2.0
Spellcasting   | |  2.0
Transmutations | |  0.7
Earth Magic    | |  2.1

Action                   || total
-------------------------++-------
Melee: Rapier            ||    19
       Peck              ||     4
       Unarmed           ||     2
       Kick              ||     5
 Cast: Sandblast         ||     7
Armor: Robe              ||     4
Dodge: Dodged            ||    11
